 Dungeon Crawl Stone Soup version 0.24.1 (webtiles) character file.

Game seed: 3760950829316094372, levelgen mode: deterministic

9322 Fukker the Carver (level 11, -6/89 HPs)
             Began as a Minotaur Gladiator on Mar 25, 2020.
             Was a High Priest of Uskayaw.
             Mangled by an orc warrior
             ... wielding a +0 battleaxe
             ... led by an orc knight
              (25 damage)
             ... on level 1 of the Orcish Mines.
             The game lasted 00:26:40 (8788 turns).

Fukker the Carver (Minotaur Gladiator)              Turns: 8788, Time: 00:26:41

Health: -6/89      AC: 10    Str: 20    XL:     11   Next: 21%
Magic:  13/13      EV: 14    Int:  7    God:    Uskayaw [*****.]
Gold:   609        SH:  5    Dex: 14    Spells: 10/10 levels left

rFire    + . .     SeeInvis .   Q - +3 short sword (elec)
rCold    + + .     Gourm    .   w - +0 buckler
rNeg     . . .     Faith    .   A - +2 ring mail of the Pit {+Fly rCorr}
rPois    .         Spirit   .   c - +0 hat
rElec    .         Reflect  .   M - scarf {rC+ rF+}
rCorr    +         Harm     .   b - +0 pair of gloves
MR       .....                  i - +0 pair of boots
Stlth    ++........             (no amulet)
HPRegen  0.24/turn              o - ring of protection from cold
MPRegen  0.13/turn              P - +2 ring of intelligence

@: no status effects
A: retaliatory headbutt, horns 2
a: Stomp, Line Pass, Grand Finale, Renounce Religion, Evoke Flight


You were on level 1 of the Orcish Mines.
You worshipped Uskayaw.
Uskayaw was noncommittal.
You were not hungry.

You visited 2 branches of the dungeon, and saw 11 of its levels.

You collected 609 gold pieces.

Inventory:

Hand Weapons
 a - a +0 long sword
 q - a cursed -2 hunting sling
 B - a +6 short sword of flaming
 Q - a +3 short sword of electrocution (weapon)
 T - the +9 mace of Anger {venom, rElec rN+}
   (You found it on level 9 of the Dungeon)

   It poisons the flesh of those it strikes.
   It insulates you from electricity.
   It protects you from negative energy.
Missiles
 d - a throwing net
 j - 91 sling bullets
 l - 330 stones
 n - 71 bolts
 p - 27 poisoned darts (quivered)
 D - 3 boomerangs
 E - 92 arrows
Armour
 b - a +0 pair of gloves (worn)
 c - a +0 hat (worn)
 i - a +0 pair of boots (worn)
 w - a +0 buckler (worn)
 A - the +2 ring mail of the Pit (worn) {+Fly rCorr}
   (You found it on level 5 of the Dungeon)

   It lets you fly.
   It provides partial protection from all sources of acid and corrosion.
 K - the +3 robe of Butobiam {SInv}
   (You found it on level 7 of the Dungeon)

   It lets you see invisible.
 M - a scarf of resistance (worn)
Jewellery
 o - a ring of protection from cold (left hand)
 y - an uncursed ring of ice
 P - a +2 ring of intelligence (right hand)
 Y - an uncursed ring of see invisible
Wands
 v - a wand of enslavement (10)
 z - a wand of flame (23)
 N - a wand of acid (9)
 O - a wand of iceblast (14)
 S - a wand of polymorph (9)
Scrolls
 h - 8 scrolls of remove curse
 m - 5 scrolls of teleportation
 r - 2 scrolls of immolation
 t - 3 scrolls of enchant weapon
 x - a scroll of blinking
 G - 4 scrolls of fear
 I - 2 scrolls of fog {unknown}
 L - a scroll of magic mapping {unknown}
 R - 5 scrolls of identify
 V - a scroll of noise {unknown}
 X - a scroll of brand weapon {unknown}
Potions
 e - a potion of berserk rage {unknown}
 g - 5 potions of heal wounds
 k - 2 potions of invisibility
 s - 3 potions of curing
 u - 3 potions of ambrosia
 C - a potion of flight {unknown}
 F - 2 potions of brilliance {unknown}
 H - 3 potions of agility {unknown}
 J - 2 potions of might {unknown}
 U - a potion of degeneration {unknown}
 Z - a potion of resistance {unknown}
Comestibles
 f - 14 rations


   Skills:
 + Level 6.1 Fighting
 + Level 9.4(11.2) Short Blades
 - Level 10.9(12.4) Long Blades
 + Level 1.0(1.7) Slings
 - Level 2.0(2.1) Throwing
 - Level 5.5 Armour
 + Level 6.1 Dodging
 - Level 5.3 Stealth
 - Level 6.1 Shields
 - Level 5.1 Invocations


You had 10 spell levels left.
You didn't know any spells.
Your spell library contained the following spells:

 Spells                   Type           Power        Failure   Level  Hunger
 Cause Fear               Hex            #.........   100%        4    #####..
 Silence                  Hex/Air        #.........   100%        5    ######.
 Yara's Violent Unravell  Hex/Tmut       #.........   100%        5    ######.
 Deflect Missiles         Chrm/Air       #.........   100%        6    #######
 Discord                  Hex            #.........   100%        8    #######


Dungeon Overview and Level Annotations

Branches:
Dungeon (10/15)            Temple (0/1) D:7             Orc (1/2) D:10
   Lair: D:8-11

Altars:
Ashenzari
Cheibriados
Elyvilon
Gozag
Hepliaklqana
Kikubaaqudgha
Makhleb
Okawaru
Qazlal
Uskayaw
Wu Jian
Xom
Yredelemnul
Zin

Annotations:
D:7 1 runed translucent door, Fukker's ghost, novice GnWz


Innate Abilities, Weirdness & Mutations

You reflexively headbutt those who attack you in melee.
You have a pair of horns on your head.


Message History

You fail to use your ability.
The orc knight hits you from afar with a +3 glaive.
The orc sorcerer mumbles some strange words.
The orc warrior misses you.
You hear a shout!
Aiming: Grand Finale
Press: ? - help, Shift-Dir - straight line, f/p - orc knight
Aim: an orc knight, wielding a +3 glaive and wearing a +0 chain mail You fail to use your ability.
The orc sorcerer mumbles some strange words.
The orc knight hits you from afar with a +3 glaive!!
* * * LOW HITPOINT WARNING * * *
Things that are here:
a +3 scimitar of flaming; a +0 robe; the human corpse of Erica An orc warrior comes into view.
It is wielding a +0 broad axe.
You see here a warg corpse.
The orc warrior moves out of view.
There is a staircase back to the Dungeon here.
The orc warrior hits you with a +0 battleaxe!!
You die...

#. ##...
#......
###.......
##.........
##......$...
#[o.......#
#@oo$....#
#.#o.)...##.
####.$......
#.)......
###C4....
#o.... .....
o... ...


You could see an orc knight, a cyclops, a hellwing, an orc sorcerer, an orc
warrior and 2 orcs.

Vanquished Creatures
  Erica (Orc:1)
  Pikel (D:7)
  2 trolls
  A slime creature (D:5)
  2 hippogriffs (D:9)
  6 yaks (D:9)
  A wraith (D:10)
  A wyvern (D:9)
  Eustachio (D:5)
  2 hungry ghosts (D:7)
  A warg (Orc:1)
  A water moccasin (D:7)
  A sky beast (D:7)
  3 ice beasts
  A slave (D:7)
  3 black bears
  8 ogres
  4 orc warriors
  4 phantoms
  3 centaurs
  4 big kobolds
  Blork the orc (D:5)
  2 gnoll sergeants
  5 bullfrogs
  A wyvern zombie (D:10)
  2 scorpions
  9 killer bees
  3 howler monkeys
  6 crimson imps
  2 centaur zombies
  5 hounds
  3 centaur skeletons
  An orc priest (D:2)
  6 jellies
  3 bullfrog skeletons
  Ijyb (D:3)
  2 iguanas
  4 orc wizards
  7 worker ants
  A hound zombie (D:9)
  2 worker ant zombies
  12 gnolls
  10 adders
  A shadow imp (D:8)
  9 oozes
  An adder skeleton (D:5)
  2 worms
  3 dart slugs
  2 leopard geckos (D:5)
  26 orcs
  2 ball pythons
  3 giant cockroaches
  9 goblins
  9 hobgoblins
  8 jackals
  7 bats
  2 frilled lizards
  11 kobolds
  A quokka zombie (D:7)
  6 rats
241 creatures vanquished.

Vanquished Creatures (others)
  A slave (D:7)
  4 jackals (D:7)
  2 fungi (D:5)
  6 toadstools (D:5)
13 creatures vanquished.

Grand Total: 254 creatures vanquished

Notes
Turn   | Place    | Note
-------+----------+-------------------------------------------
     0 | D:1      | Fukker the Minotaur Gladiator began the quest for the Orb.
     0 | D:1      | Reached XP level 1. HP: 18/18 MP: 0/0
    45 | D:1      | Reached skill level 4 in Long Blades
    45 | D:1      | Reached XP level 2. HP: 24/25 MP: 1/1
   194 | D:1      | Reached skill level 5 in Long Blades
   273 | D:1      | Reached XP level 3. HP: 30/30 MP: 2/2
   586 | D:2      | Reached skill level 1 in Armour
   586 | D:2      | Reached XP level 4. HP: 30/37 MP: 3/3
   621 | D:2      | Found a hide-covered altar of Uskayaw.
   629 | D:2      | Became a worshipper of Uskayaw the Reveler
   749 | D:2      | Reached * piety under Uskayaw
   755 | D:2      | Reached skill level 6 in Long Blades
   911 | D:2      | Reached ** piety under Uskayaw
   912 | D:2      | Reached skill level 1 in Invocations
  1011 | D:3      | Noticed Ijyb
  1024 | D:3      | Killed Ijyb
  1024 | D:3      | Reached XP level 5. HP: 42/42 MP: 3/5
  1289 | D:3      | Found an iron altar of Okawaru.
  1330 | D:4      | Found an ornate altar of the Wu Jian Council.
  1378 | D:4      | Reached skill level 7 in Long Blades
  1539 | D:4      | Found a white marble altar of Elyvilon.
  1626 | D:4      | Found an opulent altar of Gozag.
  2088 | D:4      | Reached XP level 6. HP: 43/50 MP: 6/6
  2155 | D:5      | Entered Level 5 of the Dungeon
  2357 | D:5      | Got a steaming ring mail
  2369 | D:5      | Identified the +2 ring mail of the Pit {+Fly rCorr} (You
                  | found it on level 5 of the Dungeon)
  2556 | D:5      | Reached skill level 8 in Long Blades
  3039 | D:5      | Noticed Eustachio
  3054 | D:5      | Reached *** piety under Uskayaw
  3055 | D:5      | Killed Eustachio
  3055 | D:5      | Reached skill level 9 in Long Blades
  3055 | D:5      | Reached XP level 7. HP: 39/56 MP: 8/8
  3128 | D:5      | Noticed Blork the orc
  3279 | D:5      | Killed Blork the orc
  3384 | D:5      | Found a hazy altar of Hepliaklqana.
  3791 | D:5      | Reached skill level 1 in Short Blades
  3791 | D:5      | Reached skill level 10 in Long Blades
  3830 | D:5      | Reached XP level 8. HP: 61/62 MP: 9/9
  3846 | D:5      | Noticed a slime creature
  3849 | D:5      | Reached **** piety under Uskayaw
  3858 | D:5      | Reached ***** piety under Uskayaw
  3867 | D:5      | Killed a slime creature
  3867 | D:5      | Reached ****** piety under Uskayaw
  4198 | D:6      | Found a shattered altar of Ashenzari.
  4385 | D:6      | Found a burning altar of Makhleb.
  4517 | D:6      | Reached skill level 5 in Invocations
  4760 | D:6      | Reached skill level 5 in Short Blades
  4940 | D:7      | Found an ancient bone altar of Kikubaaqudgha.
  4979 | D:7      | Got a fine robe
  4990 | D:7      | Identified the +3 robe of Butobiam {SInv} (You found it on
                  | level 7 of the Dungeon)
  5030 | D:7      | Reached XP level 9. HP: 65/68 MP: 11/11
  5056 | D:7      | Found a basalt altar of Yredelemnul.
  5204 | D:7      | Noticed Pikel
  5223 | D:7      | Killed Pikel
  5434 | D:7      | Found a staircase to the Ecumenical Temple.
  5721 | D:7      | Reached skill level 5 in Dodging
  5724 | D:7      | Found a stormy altar of Qazlal.
  5983 | D:7      | Found a runed translucent door.
  5983 | D:7      | Found a shimmering altar of Xom.
  5983 | D:7      | Noticed a +1 flail of chaos
  5983 | D:7      | Noticed Fukker's ghost (novice GnWz)
  6227 | D:8      | Found a glowing silver altar of Zin.
  6394 | D:8      | Reached XP level 10. HP: 73/80 MP: 12/12
  6416 | D:8      | Reached skill level 5 in Armour
  6577 | D:8      | Reached skill level 5 in Fighting
  7038 | D:9      | Reached skill level 1 in Shields
  7097 | D:9      | Reached skill level 1 in Slings
  7097 | D:9      | Reached skill level 5 in Shields
  7103 | D:9      | Reached skill level 1 in Stealth
  7504 | D:9      | Got a bone mace
  7505 | D:9      | Identified the +9 mace of Anger {venom, rElec rN+} (You
                  | found it on level 9 of the Dungeon)
  7789 | D:10     | Entered Level 10 of the Dungeon
  7885 | D:10     | Reached skill level 5 in Stealth
  8054 | D:10     | Reached XP level 11. HP: 65/88 MP: 13/13
  8234 | D:10     | Found a snail-covered altar of Cheibriados.
  8333 | D:10     | Found a staircase to the Orcish Mines.
  8754 | Orc:1    | Entered Level 1 of the Orcish Mines
  8759 | Orc:1    | Noticed Erica
  8767 | Orc:1    | Killed Erica
  8768 | Orc:1    | Noticed an orc knight
  8780 | Orc:1    | Noticed an orc sorcerer
  8788 | Orc:1    | Mangled by an orc warrior

Levels and vault maps discovered:
D:1:      ebering_trefoil_3fold, layout_basic
D:2:      layout_loops_ring, marbit_many_paths, first_ration, minmay_tromino_i4
D:3:      layout_rooms, nrook_mini_vaults, kennysheep_okawaru_gauntlet,
          uniq_ijyb, uniq_natasha
D:4:      layout_loops_corners, nicolae_overflow_hidden_temple,
          grunt_gozag_statues, minmay_misc_feat_enclosed, elyvilon_altar_4
D:5:      cheibrodos_fertilizer, layout_loops_ring, lemuel_doored_altar,
          uniq_blork_the_orc, uniq_eustachio
D:6:      layout_basic, nicolae_ashenzari_panopticon, makhleb_heckhound_becter,
          kennysheep_generic_room_3
D:7:      layout_basic, kiku_gazebo_garden_becter, kennysheep_mini_moat,
          nicolae_overflow_crystal_walls, minmay_temple_entry_nine_rooms,
          ebering_ghost_xom, uniq_pikel
D:8:      layout_layer_cave, lemuel_coloured_pillars_altar
D:9:      layout_basic
D:10:     wad_pebble_path, layout_loops_ring, basic_altar, minmay_microvault
Orc:1:    layout_diamond_mine, uniq_erica

Skill      XL: |  1  2  3  4  5  6  7  8  9 10 11 |
---------------+----------------------------------+-----
Long Blades    | 4 5 6 7 9 10 | 10.9
Armour         | 1 4 5 |  5.5
Invocations    | 1 2 3 5 |  5.1
Short Blades   | 1 5 8 9 |  9.4
Fighting       | 4 5 6 |  6.1
Dodging        | 5 6 |  6.1
Shields        | 6 |  6.1
Slings         | 1 |  1.0
Stealth        | 5 |  5.3
Throwing       | |  2.0

Action                   |  1- 3 |  4- 6 |  7- 9 | 10-12 || total
-------------------------+-------+-------+-------+-------++-------
Melee: Long sword        |    59 |   122 |     8 |       ||   189
       Headbutt          |    10 |    23 |    54 |    44 ||   131
       Short sword       |       |       |   250 |   209 ||   459
Throw: Throwing net      |       |     2 |     1 |       ||     3
       Dart              |       |    31 |    37 |    21 ||    89
       Boomerang         |       |       |     1 |       ||     1
Invok: Stomp             |       |     3 |     4 |     1 ||     8
       Grand Finale      |       |       |     1 |       ||     1
  Use: Scroll            |       |       |    13 |     1 ||    14
 Stab: Paralysed         |       |     1 |     7 |    16 ||    24
       Held in net/web   |       |       |     3 |       ||     3
       Sleeping          |       |       |       |     3 ||     3
  Eat: Chunk             |       |     7 |     7 |     8 ||    22
       Ration            |       |       |     2 |       ||     2
Armor: Leather armour    |    16 |    15 |       |       ||    31
       Ring mail         |       |     5 |    66 |    36 ||   107
Dodge: Dodged            |    36 |    87 |   100 |    84 ||   307
Block: Buckler           |       |       |       |    27 ||    27
       Rpst.: Long sword |    11 |    27 |       |       ||    38
